[ PARTIDA AOE2 · #472521088 ]
UnrankedEspañoles vs Burgundians
[ ANÁLISIS DE REPETICIÓN · EXTRAÍDO DE LA PARTIDA GRABADA ]
Feudal
13:31
Castillos
17:01
Imperial
32:20
| APM promedio | 33.9 |
| APM pico | 89 |
| eAPM promedio | 24.6 |
| Aldeanos / militares | 110 / 334 |
Foco
⚔️ 43.0% · 🌾 57.0%
Fire Galley ×106 · Trade Cart ×79 · Conquistador ×69 · Knight ×66 · Unknown (2626) ×36 · Fishing Ship ×28
Feudal
12:14
Castillos
20:16
Imperial
34:02
| APM promedio | 51.2 |
| APM pico | 105 |
| eAPM promedio | 31.2 |
| Aldeanos / militares | 104 / 700 |
Foco
⚔️ 34.3% · 🌾 65.7%
Coustillier ×684 · Fishing Ship ×92 · Trade Cog ×71 · Trebuchet (Packed) ×8 · Demolition Raft ×7 · Transport Ship ×1
Feudal
13:15
Castillos
17:10
Imperial
31:56
| APM promedio | 44.4 |
| APM pico | 93 |
| eAPM promedio | 29.4 |
| Aldeanos / militares | 152 / 780 |
Foco
⚔️ 65.4% · 🌾 34.6%
Spearman ×549 · Eagle Scout ×122 · Jaguar Warrior ×53 · Mangonel ×30 · Trade Cart ×20 · Battering Ram ×16
Feudal
13:02
Castillos
16:33
Imperial
28:51
| APM promedio | 46.3 |
| APM pico | 86 |
| eAPM promedio | 31.9 |
| Aldeanos / militares | 190 / 213 |
Foco
⚔️ 31.3% · 🌾 68.7%
Samurai ×170 · Trade Cog ×103 · Fishing Ship ×26 · Trebuchet (Packed) ×26 · Militia ×14 · Monk ×3
Feudal
12:12
Castillos
17:26
Imperial
36:53
| APM promedio | 39.9 |
| APM pico | 73 |
| eAPM promedio | 20.3 |
| Aldeanos / militares | 184 / 266 |
Foco
⚔️ 37.3% · 🌾 62.7%
Bolas Rider ×155 · Unknown (2626) ×79 · Fire Galley ×48 · Galley ×39 · Trade Cart ×35 · Kona ×17
Feudal
11:43
Castillos
18:57
Imperial
43:00
| APM promedio | 37.8 |
| APM pico | 119 |
| eAPM promedio | 26.1 |
| Aldeanos / militares | 36 / 52 |
Foco
⚔️ 46.2% · 🌾 53.8%
Trade Cog ×233 · Unknown (2626) ×61 · Fishing Ship ×31 · Cannon Galleon ×29 · Fire Galley ×22 · Transport Ship ×1
Feudal
20:56
Castillos
25:22
Imperial
49:56
| APM promedio | 34.6 |
| APM pico | 72 |
| eAPM promedio | 17.3 |
| Aldeanos / militares | 165 / 186 |
Foco
⚔️ 21.6% · 🌾 78.4%
Scout Cavalry ×135 · Camel Scout ×25 · Spearman ×22 · Trade Cart ×15 · Fishing Ship ×6 · Monk ×3
Feudal
12:14
Castillos
16:30
Imperial
26:44
| APM promedio | 44.4 |
| APM pico | 89 |
| eAPM promedio | 19.9 |
| Aldeanos / militares | 104 / 253 |
Foco
⚔️ 44.9% · 🌾 55.1%
Unknown (2626) ×167 · Trade Cog ×164 · Galley ×144 · Fire Galley ×92 · Unknown (1795) ×68 · Fishing Ship ×63
Mapa de la partida
Recursos iniciales + cada clic de construcción. Líneas = muros · curvas = relieve. ◆ oro · ⬟ piedra · ● bayas · ✦ reliquia · ◌ hueco del cierre
Tu base· ✓ Separados por el mapa
Base de 二等饼干· Abierta — hueco de 2t
Base de ohawan12312· Abierta — el rival se encerró
Base de wololoo-· ✓ Cerrada en 16:33 · 5t muro · sin puerta
Base de 綾地宁宁· Abierta — hueco de 1t
Base de Togawa Sakikoi· ✓ Separados por el mapa
Base de 100tree· ✓ Separados por el mapa
Base de 精锐科比不会种田· ✓ Separados por el mapa
Terreno inicial suavizado · ◌ = hueco del cierre detectado · pasá el cursor para detalles
Inputs por minuto
— 随机必投 - - 二等饼干
Build order — 随机必投
Primeras 150 de 888 acciones detectadas
| 0:20 | Construir | House |
| 0:21 | Construir | House |
| 1:08 | Construir | Dock |
| 2:10 | Encolar | Fishing Ship |
| 2:18 | Construir | Town Center |
| 3:12 | Encolar | Fishing Ship |
| 3:23 | Encolar | Villager (Male) |
| 3:24 | Encolar | Villager (Male) |
| 3:24 | Encolar | Villager (Male) |
| 3:24 | Encolar | Villager (Male) |
| 3:57 | Encolar | Fishing Ship |
| 3:58 | Encolar | Fishing Ship |
| 4:03 | Encolar | Villager (Male) |
| 4:03 | Encolar | Villager (Male) |
| 4:18 | Construir | House |
| 4:20 | Construir | House |
| 4:22 | Encolar | Villager (Male) |
| 4:22 | Encolar | Villager (Male) |
| 4:49 | Encolar | Fishing Ship |
| 4:49 | Encolar | Fishing Ship |
| 4:51 | Encolar | Villager (Male) |
| 4:52 | Encolar | Villager (Male) |
| 5:22 | Encolar | Fishing Ship |
| 5:25 | Encolar | Villager (Male) |
| 5:47 | Encolar | Villager (Male) |
| 5:52 | Encolar | Fishing Ship |
| 5:52 | Encolar | Fishing Ship |
| 6:01 | Construir | Dock |
| 6:04 | Encolar | Villager (Male) |
| 6:10 | Encolar | Fishing Ship |
| 6:22 | Encolar | Villager (Male) |
| 6:29 | Construir | House |
| 6:32 | Construir | House |
| 6:38 | Encolar | Fishing Ship |
| 6:38 | Encolar | Fishing Ship |
| 6:46 | Encolar | Villager (Male) |
| 7:21 | Encolar | Fishing Ship |
| 7:28 | Encolar | Fishing Ship |
| 7:28 | Encolar | Fishing Ship |
| 7:32 | Encolar | Villager (Male) |
| 7:32 | Encolar | Villager (Male) |
| 7:38 | Encolar | Villager (Male) |
| 7:45 | Encolar | Fishing Ship |
| 7:46 | Encolar | Villager (Male) |
| 8:10 | Encolar | Fishing Ship |
| 8:12 | Encolar | Villager (Male) |
| 8:13 | Encolar | Villager (Male) |
| 8:49 | Encolar | Villager (Male) |
| 8:59 | Construir | Dock |
| 9:05 | Construir | Mill |
| 9:11 | Encolar | Fishing Ship |
| 9:25 | Encolar | Villager (Male) |
| 9:43 | Construir | House |
| 9:45 | Construir | House |
| 9:46 | Construir | House |
| 9:50 | Construir | House |
| 9:56 | Encolar | Fishing Ship |
| 9:57 | Encolar | Fishing Ship |
| 9:59 | Encolar | Villager (Male) |
| 10:04 | Construir | House |
| 10:05 | Construir | House |
| 10:35 | Encolar | Fishing Ship |
| 10:35 | Encolar | Fishing Ship |
| 10:45 | Encolar | Villager (Male) |
| 10:52 | Construir | Mining Camp |
| 11:04 | Investigar | Feudal Age |
| 11:06 | Encolar | Fishing Ship |
| 11:07 | Encolar | Fishing Ship |
| 11:08 | Encolar | Villager (Male) |
| 11:08 | Encolar | Villager (Male) |
| 11:11 | Encolar | Villager (Male) |
| 11:14 | Encolar | Fishing Ship |
| 12:34 | Encolar | Fishing Ship |
| 12:35 | Encolar | Fishing Ship |
| 12:44 | Encolar | Fishing Ship |
| 12:55 | Construir | Dock |
| 13:31 | Edad | Edad Feudal |
| 13:35 | Construir | Market |
| 13:37 | Construir | Blacksmith |
| 13:47 | Investigar | Double-Bit Axe |
| 13:48 | Investigar | Double-Bit Axe |
| 14:15 | Investigar | Castle Age |
| 14:15 | Investigar | Castle Age |
| 14:17 | Encolar | Fire Galley |
| 14:17 | Encolar | Fire Galley |
| 14:18 | Encolar | Fire Galley |
| 14:25 | Encolar | Fire Galley |
| 14:25 | Encolar | Fire Galley |
| 14:32 | Investigar | Tech 906 |
| 14:34 | Encolar | Villager (Male) |
| 14:34 | Encolar | Villager (Male) |
| 14:36 | Encolar | Villager (Male) |
| 14:45 | Construir | House |
| 14:51 | Construir | House |
| 14:51 | Construir | House |
| 14:55 | Construir | House |
| 14:59 | Encolar | Villager (Male) |
| 15:14 | Construir | Lumber Camp |
| 15:29 | Encolar | Fire Galley |
| 15:29 | Encolar | Fire Galley |
| 15:30 | Encolar | Fire Galley |
| 15:53 | Construir | Lumber Camp |
| 15:55 | Encolar | Villager (Male) |
| 15:58 | Investigar | Wheelbarrow |
| 15:58 | Encolar | Villager (Male) |
| 15:58 | Encolar | Villager (Male) |
| 16:09 | Encolar | Fire Galley |
| 16:09 | Encolar | Fire Galley |
| 16:22 | Encolar | Villager (Male) |
| 17:01 | Edad | Edad de los Castillos |
| 17:02 | Investigar | War Galley (upgrade) |
| 17:03 | Investigar | War Galley (upgrade) |
| 17:05 | Encolar | Fire Galley |
| 17:05 | Encolar | Fire Galley |
| 17:09 | Encolar | Fire Galley |
| 17:09 | Encolar | Fire Galley |
| 17:13 | Encolar | Fire Galley |
| 17:13 | Encolar | Fire Galley |
| 17:34 | Investigar | Bow Saw |
| 17:35 | Investigar | Bow Saw |
| 17:56 | Construir | Town Center |
| 18:19 | Encolar | Fire Galley |
| 18:19 | Encolar | Fire Galley |
| 18:19 | Encolar | Fire Galley |
| 18:20 | Encolar | Villager (Male) |
| 18:20 | Encolar | Villager (Male) |
| 18:33 | Encolar | Fire Galley |
| 18:38 | Encolar | Monk |
| 18:52 | Encolar | Fire Galley |
| 18:53 | Encolar | Fire Galley |
| 18:53 | Encolar | Fire Galley |
| 18:53 | Encolar | Fire Galley |
| 18:58 | Encolar | Villager (Male) |
| 19:47 | Encolar | Villager (Male) |
| 19:48 | Encolar | Villager (Male) |
| 19:49 | Encolar | Villager (Male) |
| 19:49 | Encolar | Villager (Male) |
| 19:53 | Encolar | Fire Galley |
| 19:54 | Encolar | Fire Galley |
| 19:54 | Encolar | Fire Galley |
| 20:29 | Construir | Town Center |
| 20:33 | Encolar | Villager (Male) |
| 20:33 | Encolar | Villager (Male) |
| 20:34 | Investigar | Hand Cart |
| 20:34 | Investigar | Loom |
| 20:37 | Encolar | Fire Galley |
| 20:37 | Encolar | Fire Galley |
| 21:07 | Investigar | Gillnets |
| 21:24 | Construir | University |
| 21:27 | Encolar | Villager (Male) |
Build order — 二等饼干
Primeras 150 de 772 acciones detectadas
| 0:08 | Construir | Dock |
| 0:11 | Construir | House |
| 1:03 | Encolar | Fishing Ship |
| 2:47 | Construir | Town Center |
| 3:02 | Encolar | Fishing Ship |
| 3:07 | Construir | House |
| 3:20 | Construir | House |
| 3:42 | Encolar | Villager (Male) |
| 3:42 | Encolar | Villager (Male) |
| 3:42 | Encolar | Villager (Male) |
| 3:42 | Encolar | Villager (Male) |
| 3:43 | Encolar | Villager (Male) |
| 4:26 | Encolar | Fishing Ship |
| 4:40 | Encolar | Villager (Male) |
| 4:44 | Encolar | Fishing Ship |
| 5:12 | Encolar | Fishing Ship |
| 5:26 | Encolar | Fishing Ship |
| 5:39 | Encolar | Villager (Male) |
| 5:43 | Encolar | Fishing Ship |
| 6:00 | Construir | House |
| 6:02 | Construir | House |
| 6:12 | Encolar | Villager (Male) |
| 6:49 | Encolar | Fishing Ship |
| 6:58 | Encolar | Villager (Male) |
| 7:19 | Encolar | Fishing Ship |
| 7:23 | Construir | Dock |
| 7:30 | Construir | Dock |
| 7:34 | Encolar | Villager (Male) |
| 7:34 | Encolar | Villager (Male) |
| 7:46 | Encolar | Fishing Ship |
| 7:49 | Encolar | Villager (Male) |
| 7:49 | Encolar | Villager (Male) |
| 8:09 | Encolar | Villager (Male) |
| 8:09 | Encolar | Villager (Male) |
| 8:11 | Encolar | Fishing Ship |
| 8:33 | Encolar | Villager (Male) |
| 8:33 | Encolar | Villager (Male) |
| 8:34 | Encolar | Fishing Ship |
| 8:39 | Construir | House |
| 8:53 | Encolar | Villager (Male) |
| 8:53 | Encolar | Villager (Male) |
| 8:57 | Construir | House |
| 9:00 | Construir | House |
| 9:01 | Encolar | Villager (Male) |
| 9:02 | Encolar | Villager (Male) |
| 9:06 | Encolar | Fishing Ship |
| 9:15 | Construir | House |
| 9:19 | Encolar | Villager (Male) |
| 9:35 | Encolar | Villager (Male) |
| 9:41 | Encolar | Fishing Ship |
| 9:46 | Construir | House |
| 9:47 | Construir | House |
| 9:58 | Investigar | Feudal Age |
| 10:03 | Construir | House |
| 10:09 | Construir | House |
| 10:16 | Encolar | Fishing Ship |
| 10:23 | Encolar | Villager (Male) |
| 10:23 | Encolar | Villager (Male) |
| 10:35 | Investigar | Double-Bit Axe |
| 10:37 | Encolar | Villager (Male) |
| 10:37 | Encolar | Villager (Male) |
| 10:42 | Encolar | Fishing Ship |
| 11:02 | Encolar | Villager (Male) |
| 11:02 | Encolar | Villager (Male) |
| 11:16 | Construir | Dock |
| 11:23 | Encolar | Villager (Male) |
| 11:31 | Encolar | Fishing Ship |
| 11:47 | Construir | Mining Camp |
| 11:50 | Encolar | Villager (Male) |
| 11:50 | Encolar | Villager (Male) |
| 12:06 | Encolar | Fishing Ship |
| 12:10 | Encolar | Villager (Male) |
| 12:10 | Encolar | Villager (Male) |
| 12:14 | Edad | Edad Feudal |
| 12:22 | Encolar | Villager (Male) |
| 12:23 | Encolar | Villager (Male) |
| 12:27 | Investigar | Tech 906 |
| 12:41 | Investigar | Bow Saw |
| 12:42 | Encolar | Villager (Male) |
| 12:42 | Encolar | Villager (Male) |
| 12:43 | Encolar | Villager (Male) |
| 12:43 | Encolar | Villager (Male) |
| 13:02 | Encolar | Demolition Raft |
| 13:05 | Encolar | Villager (Male) |
| 13:05 | Encolar | Villager (Male) |
| 13:09 | Encolar | Villager (Male) |
| 13:19 | Construir | Blacksmith |
| 13:22 | Encolar | Villager (Male) |
| 13:32 | Encolar | Villager (Male) |
| 13:33 | Encolar | Villager (Male) |
| 14:13 | Encolar | Fishing Ship |
| 14:13 | Encolar | Fishing Ship |
| 14:20 | Investigar | Gillnets |
| 14:20 | Encolar | Demolition Raft |
| 14:22 | Encolar | Villager (Male) |
| 14:26 | Construir | Mill |
| 14:30 | Encolar | Villager (Male) |
| 14:30 | Encolar | Villager (Male) |
| 14:37 | Construir | Lumber Camp |
| 14:44 | Encolar | Villager (Male) |
| 15:05 | Encolar | Fishing Ship |
| 15:05 | Encolar | Fishing Ship |
| 15:08 | Encolar | Fishing Ship |
| 15:24 | Construir | Mining Camp |
| 15:26 | Encolar | Villager (Male) |
| 15:26 | Encolar | Villager (Male) |
| 15:26 | Encolar | Villager (Male) |
| 15:44 | Encolar | Villager (Male) |
| 15:45 | Encolar | Villager (Male) |
| 15:47 | Encolar | Villager (Male) |
| 15:52 | Encolar | Fishing Ship |
| 15:52 | Encolar | Fishing Ship |
| 15:56 | Encolar | Fishing Ship |
| 16:21 | Construir | Dock |
| 16:31 | Construir | Market |
| 16:39 | Investigar | Gold Mining |
| 16:40 | Investigar | Stone Mining |
| 16:43 | Encolar | Fishing Ship |
| 16:49 | Encolar | Fishing Ship |
| 16:50 | Encolar | Fishing Ship |
| 17:00 | Investigar | Wheelbarrow |
| 17:10 | Encolar | Fishing Ship |
| 17:23 | Encolar | Fishing Ship |
| 17:23 | Encolar | Fishing Ship |
| 17:34 | Investigar | Castle Age |
| 17:55 | Encolar | Fishing Ship |
| 17:56 | Encolar | Fishing Ship |
| 18:01 | Encolar | Fishing Ship |
| 18:04 | Encolar | Fishing Ship |
| 18:04 | Encolar | Fishing Ship |
| 18:07 | Encolar | Fishing Ship |
| 18:07 | Encolar | Fishing Ship |
| 18:11 | Construir | House |
| 18:13 | Construir | House |
| 18:13 | Construir | House |
| 18:25 | Construir | House |
| 18:30 | Encolar | Demolition Raft |
| 18:30 | Encolar | Demolition Raft |
| 18:35 | Encolar | Fishing Ship |
| 18:36 | Encolar | Fishing Ship |
| 18:36 | Encolar | Fishing Ship |
| 18:40 | Encolar | Villager (Male) |
| 18:40 | Encolar | Villager (Male) |
| 18:47 | Construir | Mining Camp |
| 19:03 | Encolar | Fishing Ship |
| 19:09 | Encolar | Fishing Ship |
| 19:10 | Encolar | Fishing Ship |
| 19:15 | Construir | House |
| 19:16 | Construir | House |
| 19:21 | Encolar | Villager (Male) |
Build order — ohawan12312
Primeras 150 de 1202 acciones detectadas
| 2:40 | Construir | House |
| 3:01 | Construir | House |
| 3:34 | Construir | Town Center |
| 3:47 | Construir | Dock |
| 4:25 | Encolar | Villager (Male) |
| 4:25 | Encolar | Villager (Male) |
| 4:31 | Encolar | Villager (Male) |
| 4:31 | Encolar | Villager (Male) |
| 5:06 | Construir | House |
| 5:12 | Encolar | Villager (Male) |
| 5:45 | Construir | House |
| 5:46 | Encolar | Fishing Ship |
| 6:04 | Encolar | Villager (Male) |
| 6:04 | Encolar | Villager (Male) |
| 6:23 | Construir | House |
| 6:24 | Encolar | Fishing Ship |
| 6:34 | Encolar | Villager (Male) |
| 6:34 | Encolar | Villager (Male) |
| 6:34 | Encolar | Villager (Male) |
| 6:57 | Construir | House |
| 7:00 | Encolar | Villager (Male) |
| 7:17 | Encolar | Fishing Ship |
| 7:29 | Encolar | Villager (Male) |
| 7:34 | Encolar | Fishing Ship |
| 7:40 | Construir | House |
| 7:47 | Encolar | Villager (Male) |
| 7:50 | Encolar | Fishing Ship |
| 8:06 | Encolar | Villager (Male) |
| 8:11 | Encolar | Villager (Male) |
| 8:23 | Construir | Mill |
| 8:36 | Encolar | Villager (Male) |
| 8:43 | Encolar | Fishing Ship |
| 9:18 | Encolar | Villager (Male) |
| 9:20 | Encolar | Fishing Ship |
| 9:47 | Encolar | Villager (Male) |
| 10:02 | Construir | Mining Camp |
| 10:04 | Encolar | Villager (Male) |
| 10:22 | Encolar | Villager (Male) |
| 10:41 | Investigar | Feudal Age |
| 10:43 | Encolar | Fishing Ship |
| 11:30 | Construir | House |
| 11:38 | Encolar | Fishing Ship |
| 12:26 | Construir | Mining Camp |
| 13:02 | Encolar | Villager (Male) |
| 13:02 | Encolar | Villager (Male) |
| 13:15 | Edad | Edad Feudal |
| 13:17 | Construir | Market |
| 13:47 | Construir | Blacksmith |
| 13:48 | Investigar | Loom |
| 14:23 | Construir | House |
| 14:29 | Investigar | Castle Age |
| 14:48 | Investigar | Double-Bit Axe |
| 14:51 | Construir | Lumber Camp |
| 15:03 | Construir | Lumber Camp |
| 15:33 | Investigar | Tech 906 |
| 16:09 | Investigar | Wheelbarrow |
| 16:13 | Investigar | Horse Collar |
| 17:10 | Edad | Edad de los Castillos |
| 17:16 | Investigar | Sanctity |
| 17:22 | Construir | Monastery |
| 17:24 | Investigar | Bow Saw |
| 17:40 | Construir | House |
| 17:43 | Encolar | Villager (Male) |
| 17:54 | Encolar | Villager (Male) |
| 17:56 | Encolar | Villager (Male) |
| 18:04 | Construir | Town Center |
| 18:08 | Encolar | Monk |
| 18:26 | Construir | House |
| 18:27 | Encolar | Villager (Male) |
| 18:31 | Encolar | Monk |
| 18:48 | Investigar | Fervor |
| 18:54 | Construir | House |
| 18:55 | Encolar | Villager (Male) |
| 19:06 | Encolar | Villager (Male) |
| 19:08 | Encolar | Villager (Male) |
| 19:08 | Encolar | Villager (Male) |
| 19:08 | Encolar | Villager (Male) |
| 19:08 | Encolar | Villager (Male) |
| 19:13 | Construir | Farm |
| 19:15 | Construir | Farm |
| 19:24 | Encolar | Monk |
| 19:24 | Encolar | Monk |
| 19:32 | Encolar | Villager (Male) |
| 19:34 | Construir | House |
| 19:34 | Encolar | Villager (Male) |
| 19:35 | Encolar | Villager (Male) |
| 19:46 | Encolar | Villager (Male) |
| 19:47 | Encolar | Villager (Male) |
| 19:49 | Encolar | Villager (Male) |
| 19:49 | Encolar | Villager (Male) |
| 19:53 | Construir | Farm |
| 19:59 | Construir | Farm |
| 20:00 | Encolar | Villager (Male) |
| 20:00 | Encolar | Villager (Male) |
| 20:00 | Encolar | Villager (Male) |
| 20:19 | Construir | Town Center |
| 20:38 | Construir | House |
| 20:39 | Encolar | Villager (Male) |
| 20:39 | Encolar | Villager (Male) |
| 20:47 | Construir | Farm |
| 21:10 | Encolar | Villager (Male) |
| 21:10 | Encolar | Villager (Male) |
| 21:10 | Encolar | Villager (Male) |
| 21:10 | Encolar | Villager (Male) |
| 21:12 | Construir | House |
| 21:18 | Construir | Farm |
| 21:21 | Encolar | Monk |
| 21:24 | Construir | Farm |
| 21:32 | Encolar | Villager (Male) |
| 21:35 | Construir | Farm |
| 21:37 | Construir | Farm |
| 21:58 | Encolar | Villager (Male) |
| 21:59 | Encolar | Villager (Male) |
| 21:59 | Encolar | Villager (Male) |
| 21:59 | Encolar | Villager (Male) |
| 22:02 | Construir | Farm |
| 22:06 | Construir | House |
| 22:27 | Encolar | Villager (Male) |
| 22:28 | Encolar | Villager (Male) |
| 22:30 | Construir | Farm |
| 22:31 | Encolar | Villager (Male) |
| 22:31 | Encolar | Villager (Male) |
| 22:34 | Construir | Farm |
| 22:42 | Encolar | Villager (Male) |
| 22:44 | Construir | House |
| 22:44 | Encolar | Villager (Male) |
| 22:45 | Encolar | Villager (Male) |
| 22:49 | Encolar | Monk |
| 23:02 | Encolar | Villager (Male) |
| 23:02 | Encolar | Villager (Male) |
| 23:02 | Encolar | Villager (Male) |
| 23:04 | Encolar | Villager (Male) |
| 23:07 | Construir | Farm |
| 23:10 | Construir | Farm |
| 23:18 | Investigar | Heavy Plow |
| 23:35 | Encolar | Villager (Male) |
| 23:35 | Encolar | Villager (Male) |
| 23:35 | Encolar | Villager (Male) |
| 23:35 | Encolar | Villager (Male) |
| 23:37 | Encolar | Villager (Male) |
| 23:37 | Encolar | Villager (Male) |
| 23:43 | Construir | Castle |
| 23:54 | Encolar | Villager (Male) |
| 23:54 | Encolar | Villager (Male) |
| 23:54 | Encolar | Villager (Male) |
| 23:56 | Construir | Farm |
| 23:58 | Encolar | Villager (Male) |
| 23:58 | Encolar | Villager (Male) |
| 23:59 | Encolar | Villager (Male) |
| 23:59 | Encolar | Villager (Male) |
Build order — wololoo-
Primeras 150 de 734 acciones detectadas
| 0:11 | Construir | Dock |
| 0:26 | Construir | House |
| 0:27 | Construir | House |
| 1:14 | Encolar | Fishing Ship |
| 1:28 | Construir | Town Center |
| 1:40 | Encolar | Fishing Ship |
| 2:31 | Encolar | Fishing Ship |
| 2:37 | Encolar | Villager (Male) |
| 2:37 | Encolar | Villager (Male) |
| 2:38 | Encolar | Villager (Male) |
| 3:05 | Encolar | Villager (Male) |
| 3:05 | Encolar | Villager (Male) |
| 3:18 | Encolar | Fishing Ship |
| 3:45 | Construir | House |
| 3:59 | Encolar | Villager (Male) |
| 4:00 | Encolar | Fishing Ship |
| 4:19 | Encolar | Fishing Ship |
| 4:41 | Encolar | Fishing Ship |
| 4:48 | Construir | House |
| 4:56 | Encolar | Villager (Male) |
| 5:24 | Encolar | Fishing Ship |
| 5:29 | Encolar | Villager (Male) |
| 5:31 | Construir | Dock |
| 5:47 | Encolar | Villager (Male) |
| 5:53 | Construir | House |
| 5:57 | Construir | House |
| 6:00 | Encolar | Fishing Ship |
| 6:12 | Encolar | Villager (Male) |
| 6:30 | Encolar | Villager (Male) |
| 6:36 | Encolar | Fishing Ship |
| 7:04 | Encolar | Villager (Male) |
| 7:17 | Encolar | Villager (Male) |
| 7:19 | Encolar | Fishing Ship |
| 7:19 | Encolar | Fishing Ship |
| 7:19 | Encolar | Fishing Ship |
| 7:27 | Construir | Lumber Camp |
| 7:32 | Investigar | Loom |
| 7:32 | Investigar | Loom |
| 7:38 | Construir | House |
| 7:38 | Construir | House |
| 7:45 | Encolar | Villager (Male) |
| 8:16 | Encolar | Villager (Male) |
| 8:43 | Encolar | Villager (Male) |
| 8:59 | Encolar | Fishing Ship |
| 9:13 | Construir | Town Center |
| 9:27 | Construir | House |
| 9:30 | Construir | House |
| 10:15 | Encolar | Fishing Ship |
| 10:15 | Encolar | Fishing Ship |
| 10:27 | Encolar | Villager (Male) |
| 10:40 | Construir | Mill |
| 10:41 | Investigar | Feudal Age |
| 10:41 | Investigar | Feudal Age |
| 10:46 | Construir | Mining Camp |
| 10:58 | Encolar | Fishing Ship |
| 11:02 | Construir | House |
| 12:00 | Encolar | Fishing Ship |
| 12:16 | Construir | Palisade Wall |
| 12:24 | Construir | Palisade Wall |
| 12:41 | Encolar | Villager (Male) |
| 12:41 | Encolar | Villager (Male) |
| 13:02 | Edad | Edad Feudal |
| 13:03 | Construir | Market |
| 13:05 | Construir | Blacksmith |
| 13:10 | Investigar | Tech 906 |
| 13:11 | Investigar | Tech 906 |
| 13:18 | Investigar | Double-Bit Axe |
| 13:19 | Investigar | Double-Bit Axe |
| 13:19 | Investigar | Town Watch |
| 13:53 | Investigar | Castle Age |
| 13:53 | Investigar | Castle Age |
| 14:13 | Construir | Dock |
| 14:39 | Construir | Palisade Wall |
| 14:50 | Construir | Palisade Wall |
| 14:53 | Construir | Palisade Wall |
| 15:44 | Construir | Outpost |
| 16:28 | Investigar | Wheelbarrow |
| 16:28 | Investigar | Wheelbarrow |
| 16:33 | Edad | Edad de los Castillos |
| 16:35 | Construir | Town Center |
| 16:37 | Investigar | Bow Saw |
| 16:37 | Investigar | Bow Saw |
| 16:37 | Investigar | Bow Saw |
| 16:50 | Encolar | Monk |
| 16:56 | Encolar | Villager (Male) |
| 16:58 | Construir | Town Center |
| 17:09 | Construir | Monastery |
| 17:20 | Construir | Lumber Camp |
| 17:36 | Encolar | Villager (Male) |
| 17:39 | Investigar | Gillnets |
| 17:41 | Encolar | Villager (Male) |
| 17:50 | Encolar | Villager (Male) |
| 18:02 | Encolar | Villager (Male) |
| 18:03 | Encolar | Monk |
| 18:13 | Encolar | Villager (Male) |
| 18:18 | Construir | House |
| 18:22 | Construir | House |
| 18:22 | Encolar | Villager (Male) |
| 18:30 | Encolar | Villager (Male) |
| 18:32 | Encolar | Villager (Male) |
| 18:37 | Encolar | Fishing Ship |
| 18:38 | Encolar | Villager (Male) |
| 18:44 | Encolar | Villager (Male) |
| 18:47 | Construir | Town Center |
| 18:50 | Encolar | Villager (Male) |
| 18:57 | Encolar | Villager (Male) |
| 19:13 | Encolar | Villager (Male) |
| 19:16 | Construir | Farm |
| 19:17 | Construir | Farm |
| 19:22 | Construir | Mill |
| 19:31 | Encolar | Fishing Ship |
| 19:32 | Encolar | Fishing Ship |
| 19:34 | Encolar | Villager (Male) |
| 19:38 | Encolar | Villager (Male) |
| 19:43 | Encolar | Villager (Male) |
| 19:47 | Construir | Fish Trap |
| 19:49 | Construir | Fish Trap |
| 19:51 | Construir | Fish Trap |
| 19:52 | Construir | Fish Trap |
| 19:53 | Encolar | Villager (Male) |
| 19:55 | Construir | Farm |
| 19:59 | Encolar | Villager (Male) |
| 20:02 | Encolar | Villager (Male) |
| 20:05 | Encolar | Villager (Male) |
| 20:08 | Encolar | Villager (Male) |
| 20:12 | Encolar | Villager (Male) |
| 20:14 | Construir | Farm |
| 20:20 | Encolar | Villager (Male) |
| 20:23 | Construir | Farm |
| 20:24 | Construir | Farm |
| 20:31 | Encolar | Villager (Male) |
| 20:40 | Encolar | Villager (Male) |
| 20:44 | Construir | Fish Trap |
| 20:45 | Encolar | Villager (Male) |
| 20:46 | Encolar | Villager (Male) |
| 20:59 | Encolar | Villager (Male) |
| 21:05 | Encolar | Villager (Male) |
| 21:07 | Construir | Farm |
| 21:08 | Construir | Farm |
| 21:10 | Construir | Farm |
| 21:18 | Construir | Town Center |
| 21:19 | Encolar | Villager (Male) |
| 21:19 | Encolar | Villager (Male) |
| 21:21 | Encolar | Villager (Male) |
| 21:27 | Encolar | Villager (Male) |
| 21:35 | Construir | Dock |
| 21:37 | Construir | Fish Trap |
| 21:38 | Construir | Fish Trap |
| 21:39 | Construir | Fish Trap |
| 21:41 | Construir | Fish Trap |
Build order — 綾地宁宁
Primeras 150 de 513 acciones detectadas
| 0:25 | Construir | Dock |
| 0:51 | Construir | House |
| 1:43 | Construir | Town Center |
| 1:57 | Construir | House |
| 2:29 | Encolar | Villager (Male) |
| 2:29 | Encolar | Villager (Male) |
| 2:29 | Encolar | Villager (Male) |
| 3:02 | Encolar | Fishing Ship |
| 3:23 | Encolar | Villager (Male) |
| 3:51 | Encolar | Fishing Ship |
| 4:07 | Encolar | Villager (Male) |
| 4:07 | Encolar | Villager (Male) |
| 4:22 | Construir | House |
| 4:24 | Encolar | Villager (Male) |
| 4:37 | Encolar | Fishing Ship |
| 4:59 | Encolar | Villager (Male) |
| 5:01 | Encolar | Fishing Ship |
| 5:15 | Encolar | Villager (Male) |
| 5:25 | Construir | Dock |
| 5:34 | Construir | House |
| 5:40 | Encolar | Villager (Male) |
| 5:54 | Encolar | Villager (Male) |
| 6:23 | Encolar | Fishing Ship |
| 6:28 | Encolar | Fishing Ship |
| 6:30 | Encolar | Villager (Male) |
| 6:49 | Encolar | Fishing Ship |
| 6:50 | Encolar | Fishing Ship |
| 7:07 | Encolar | Villager (Male) |
| 7:10 | Construir | House |
| 7:24 | Encolar | Villager (Male) |
| 7:29 | Construir | House |
| 7:37 | Encolar | Villager (Male) |
| 7:45 | Encolar | Fishing Ship |
| 7:47 | Encolar | Fishing Ship |
| 8:03 | Encolar | Villager (Male) |
| 8:25 | Encolar | Fishing Ship |
| 8:27 | Encolar | Villager (Male) |
| 8:51 | Encolar | Villager (Male) |
| 9:05 | Construir | House |
| 9:06 | Encolar | Fishing Ship |
| 9:08 | Encolar | Fishing Ship |
| 9:10 | Encolar | Villager (Male) |
| 9:17 | Construir | Settlement |
| 9:49 | Construir | Settlement |
| 10:00 | Investigar | Feudal Age |
| 10:00 | Investigar | Feudal Age |
| 10:14 | Construir | Dock |
| 10:32 | Encolar | Villager (Male) |
| 10:57 | Construir | Settlement |
| 11:23 | Construir | Palisade Wall |
| 11:24 | Construir | Palisade Wall |
| 12:12 | Edad | Edad Feudal |
| 12:16 | Encolar | Galley |
| 12:17 | Encolar | Galley |
| 12:18 | Encolar | Villager (Male) |
| 12:22 | Encolar | Unit 2626 |
| 12:40 | Encolar | Villager (Male) |
| 12:44 | Encolar | Skirmisher |
| 12:49 | Construir | Blacksmith |
| 12:53 | Investigar | Double-Bit Axe |
| 13:16 | Encolar | Fire Galley |
| 13:16 | Encolar | Fire Galley |
| 13:21 | Encolar | Villager (Male) |
| 13:23 | Encolar | Galley |
| 13:23 | Encolar | Galley |
| 13:47 | Encolar | Villager (Male) |
| 13:52 | Construir | Market |
| 14:08 | Encolar | Unit 2626 |
| 14:08 | Encolar | Unit 2626 |
| 14:14 | Encolar | Villager (Male) |
| 14:28 | Construir | Dock |
| 14:46 | Investigar | Castle Age |
| 14:47 | Investigar | Castle Age |
| 14:48 | Encolar | Villager (Male) |
| 14:58 | Encolar | Galley |
| 14:58 | Encolar | Galley |
| 15:06 | Investigar | Fletching |
| 15:20 | Encolar | Fire Galley |
| 15:20 | Encolar | Fire Galley |
| 15:21 | Encolar | Fire Galley |
| 15:29 | Encolar | Galley ×5 |
| 15:57 | Encolar | Villager (Male) |
| 16:07 | Encolar | Galley ×2 |
| 16:07 | Encolar | Villager (Male) |
| 16:16 | Construir | House |
| 16:17 | Construir | House |
| 16:37 | Encolar | Villager (Male) |
| 16:49 | Encolar | Villager (Male) |
| 16:53 | Encolar | Galley ×3 |
| 16:55 | Encolar | Villager (Male) |
| 17:21 | Encolar | Villager (Male) |
| 17:25 | Encolar | Unit 2626 ×3 |
| 17:25 | Encolar | Unit 2626 ×3 |
| 17:26 | Edad | Edad de los Castillos |
| 17:29 | Encolar | Villager (Male) |
| 17:37 | Construir | Town Center |
| 17:49 | Investigar | War Galley (upgrade) |
| 18:06 | Encolar | Unit 2626 ×3 |
| 18:08 | Encolar | Villager (Male) |
| 18:08 | Encolar | Villager (Male) |
| 18:35 | Investigar | Bodkin Arrow |
| 19:01 | Encolar | Villager (Male) |
| 19:06 | Construir | University |
| 19:09 | Construir | House |
| 19:11 | Construir | Farm |
| 19:30 | Encolar | Unit 2626 ×3 |
| 19:30 | Encolar | Unit 2626 ×3 |
| 19:31 | Encolar | Villager (Male) |
| 19:57 | Encolar | Villager (Male) |
| 20:00 | Encolar | Unit 2626 |
| 20:04 | Encolar | Villager (Male) |
| 20:13 | Encolar | Villager (Male) |
| 20:16 | Construir | Settlement |
| 20:20 | Encolar | Villager (Male) |
| 20:26 | Encolar | Unit 2626 |
| 20:52 | Encolar | Unit 2626 |
| 20:53 | Investigar | Forging |
| 20:54 | Encolar | Villager (Male) |
| 20:54 | Encolar | Villager (Male) |
| 20:58 | Investigar | Tech 908 |
| 21:06 | Construir | Farm |
| 21:06 | Construir | Farm |
| 21:06 | Construir | Farm |
| 21:06 | Construir | Farm |
| 21:09 | Encolar | Villager (Male) |
| 21:24 | Encolar | Unit 2626 ×3 |
| 21:50 | Encolar | Unit 2626 ×2 |
| 21:51 | Encolar | Villager (Male) |
| 21:52 | Encolar | Villager (Male) |
| 21:58 | Construir | Settlement |
| 22:00 | Encolar | Villager (Male) |
| 22:04 | Encolar | Villager (Male) |
| 22:14 | Encolar | Villager (Male) |
| 22:26 | Encolar | Unit 2626 ×2 |
| 22:27 | Encolar | Villager (Male) |
| 22:27 | Encolar | Villager (Male) |
| 22:29 | Construir | House |
| 22:35 | Encolar | Villager (Male) |
| 22:37 | Construir | Farm |
| 22:39 | Construir | Farm |
| 22:57 | Encolar | Villager (Male) |
| 23:36 | Encolar | Villager (Male) |
| 23:40 | Encolar | Villager (Male) |
| 23:44 | Encolar | Unit 2626 ×5 |
| 23:45 | Encolar | Villager (Male) |
| 23:46 | Encolar | Villager (Male) |
| 23:50 | Construir | Dock |
| 23:54 | Investigar | Bow Saw |
| 23:54 | Investigar | Horse Collar |
| 23:55 | Encolar | Villager (Male) |
Build order — Togawa Sakikoi
Primeras 150 de 445 acciones detectadas
| 0:13 | Construir | Dock |
| 0:45 | Construir | Town Center |
| 0:55 | Construir | House |
| 1:32 | Encolar | Villager (Male) |
| 1:32 | Encolar | Villager (Male) |
| 1:33 | Encolar | Villager (Male) |
| 1:33 | Encolar | Villager (Male) |
| 1:33 | Encolar | Villager (Male) |
| 2:07 | Encolar | Fishing Ship |
| 2:07 | Encolar | Fishing Ship |
| 2:26 | Construir | House |
| 2:38 | Encolar | Fishing Ship |
| 2:59 | Encolar | Fishing Ship |
| 3:06 | Investigar | Loom |
| 3:06 | Investigar | Loom |
| 3:18 | Construir | Dock |
| 3:20 | Encolar | Villager (Male) |
| 3:29 | Encolar | Fishing Ship |
| 3:53 | Construir | House |
| 3:55 | Encolar | Fishing Ship |
| 4:11 | Encolar | Villager (Male) |
| 4:12 | Encolar | Villager (Male) |
| 4:14 | Encolar | Fishing Ship |
| 4:14 | Encolar | Fishing Ship |
| 4:40 | Encolar | Fishing Ship |
| 4:52 | Encolar | Villager (Male) |
| 4:52 | Encolar | Villager (Male) |
| 4:56 | Encolar | Fishing Ship |
| 5:18 | Construir | House |
| 5:34 | Encolar | Villager (Male) |
| 5:38 | Encolar | Fishing Ship |
| 5:38 | Encolar | Fishing Ship |
| 5:56 | Encolar | Villager (Male) |
| 5:59 | Encolar | Fishing Ship |
| 5:59 | Encolar | Fishing Ship |
| 6:12 | Construir | House |
| 6:25 | Encolar | Fishing Ship |
| 6:45 | Construir | House |
| 6:55 | Encolar | Villager (Male) |
| 7:10 | Encolar | Fishing Ship |
| 7:12 | Encolar | Fishing Ship |
| 7:13 | Encolar | Villager (Male) |
| 7:26 | Encolar | Villager (Male) |
| 7:35 | Encolar | Fishing Ship |
| 7:57 | Encolar | Villager (Male) |
| 8:28 | Encolar | Villager (Male) |
| 8:47 | Encolar | Fishing Ship |
| 8:49 | Encolar | Fishing Ship |
| 8:50 | Encolar | Villager (Male) |
| 8:52 | Construir | House |
| 9:21 | Investigar | Feudal Age |
| 9:21 | Investigar | Feudal Age |
| 9:36 | Encolar | Fishing Ship |
| 10:24 | Construir | Lumber Camp |
| 10:31 | Construir | House |
| 10:32 | Encolar | Villager (Male) |
| 11:05 | Construir | Lumber Camp |
| 11:43 | Edad | Edad Feudal |
| 11:46 | Encolar | Fire Galley |
| 11:46 | Encolar | Fire Galley |
| 11:46 | Investigar | Tech 906 |
| 11:47 | Investigar | Tech 906 |
| 11:51 | Investigar | Tech 906 |
| 11:51 | Investigar | Tech 906 |
| 11:51 | Investigar | Double-Bit Axe |
| 11:52 | Investigar | Double-Bit Axe |
| 11:53 | Encolar | Villager (Male) |
| 11:54 | Investigar | Wheelbarrow |
| 12:10 | Construir | Lumber Camp |
| 12:28 | Encolar | Fire Galley |
| 12:30 | Encolar | Fire Galley |
| 13:08 | Encolar | Villager (Male) |
| 13:28 | Encolar | Fishing Ship |
| 13:29 | Encolar | Fishing Ship |
| 13:29 | Encolar | Fishing Ship |
| 13:30 | Encolar | Villager (Male) |
| 13:40 | Construir | Dock |
| 14:06 | Encolar | Villager (Male) |
| 14:12 | Construir | House |
| 14:13 | Construir | House |
| 14:15 | Construir | House |
| 14:48 | Encolar | Villager (Male) |
| 15:04 | Encolar | Villager (Male) |
| 15:06 | Construir | Mill |
| 15:12 | Construir | Lumber Camp |
| 15:14 | Construir | Dock |
| 15:27 | Encolar | Villager (Male) |
| 15:34 | Construir | Market |
| 15:35 | Construir | Blacksmith |
| 15:38 | Encolar | Fire Galley |
| 15:41 | Encolar | Fire Galley |
| 16:09 | Encolar | Fire Galley |
| 16:17 | Investigar | Castle Age |
| 16:17 | Investigar | Castle Age |
| 17:00 | Construir | Lumber Camp |
| 17:22 | Encolar | Fire Galley |
| 17:24 | Encolar | Fire Galley |
| 17:28 | Encolar | Fire Galley |
| 18:24 | Construir | Lumber Camp |
| 18:33 | Encolar | Unit 2626 |
| 18:33 | Encolar | Unit 2626 |
| 18:33 | Encolar | Unit 2626 |
| 18:35 | Encolar | Villager (Male) |
| 18:57 | Edad | Edad de los Castillos |
| 18:58 | Investigar | War Galley (upgrade) |
| 18:58 | Investigar | War Galley (upgrade) |
| 18:58 | Investigar | Gillnets |
| 18:59 | Investigar | Gillnets |
| 18:59 | Investigar | Bow Saw |
| 19:01 | Investigar | Hand Cart |
| 19:16 | Encolar | Fire Galley |
| 19:16 | Encolar | Fire Galley |
| 19:17 | Encolar | Fire Galley |
| 19:17 | Encolar | Villager (Male) |
| 19:33 | Construir | Dock |
| 19:38 | Encolar | Fire Galley |
| 19:50 | Construir | House |
| 19:51 | Construir | House |
| 19:54 | Construir | House |
| 20:17 | Construir | Lumber Camp |
| 20:18 | Construir | University |
| 20:23 | Encolar | Fire Galley |
| 20:24 | Encolar | Fire Galley |
| 20:24 | Encolar | Fire Galley |
| 20:24 | Encolar | Fire Galley |
| 20:26 | Encolar | Villager (Male) |
| 20:53 | Encolar | Fire Galley |
| 20:54 | Encolar | Fire Galley |
| 20:54 | Encolar | Fire Galley |
| 20:56 | Investigar | Careening |
| 20:56 | Investigar | Careening |
| 20:56 | Investigar | Tech 908 |
| 20:56 | Investigar | Tech 908 |
| 20:57 | Investigar | Tech 908 |
| 20:58 | Encolar | Villager (Male) |
| 21:16 | Encolar | Villager (Male) |
| 21:37 | Encolar | Unit 2626 |
| 21:38 | Encolar | Unit 2626 |
| 21:38 | Encolar | Unit 2626 |
| 21:38 | Encolar | Unit 2626 |
| 21:39 | Encolar | Villager (Male) |
| 22:05 | Encolar | Villager (Male) |
| 22:34 | Encolar | Trade Cog |
| 22:34 | Encolar | Trade Cog |
| 22:34 | Encolar | Trade Cog |
| 22:35 | Encolar | Trade Cog |
| 22:35 | Encolar | Trade Cog |
| 22:35 | Encolar | Trade Cog |
| 22:35 | Encolar | Trade Cog |
| 22:36 | Encolar | Villager (Male) |
Build order — 100tree
Primeras 150 de 487 acciones detectadas
| 0:14 | Construir | House |
| 0:15 | Construir | House |
| 2:03 | Construir | Town Center |
| 2:46 | Construir | House |
| 3:04 | Encolar | Villager (Male) ×5 |
| 3:49 | Encolar | Villager (Male) |
| 3:59 | Investigar | Loom |
| 4:33 | Construir | Lumber Camp |
| 4:56 | Construir | House |
| 5:11 | Construir | House |
| 5:22 | Encolar | Villager (Male) |
| 5:22 | Encolar | Villager (Male) |
| 5:23 | Encolar | Villager (Male) |
| 5:23 | Encolar | Villager (Male) |
| 6:23 | Construir | Town Center |
| 7:07 | Encolar | Villager (Male) ×4 |
| 7:31 | Construir | House |
| 7:33 | Construir | Palisade Wall |
| 7:34 | Construir | Palisade Wall |
| 7:35 | Construir | Palisade Wall |
| 8:16 | Construir | House |
| 8:26 | Construir | Palisade Wall |
| 8:28 | Construir | Palisade Wall |
| 8:30 | Construir | Palisade Wall |
| 9:22 | Encolar | Villager (Male) |
| 9:22 | Encolar | Villager (Male) |
| 9:46 | Construir | Palisade Wall |
| 9:51 | Construir | House |
| 9:54 | Construir | Palisade Wall |
| 9:58 | Construir | Palisade Wall |
| 10:10 | Construir | Palisade Wall |
| 10:11 | Construir | Palisade Wall |
| 10:22 | Encolar | Villager (Male) |
| 11:11 | Construir | Palisade Wall |
| 11:28 | Encolar | Villager (Male) |
| 11:51 | Construir | Dock |
| 12:05 | Construir | House |
| 12:17 | Encolar | Villager (Male) |
| 12:38 | Encolar | Fishing Ship |
| 12:45 | Construir | Palisade Wall |
| 12:57 | Construir | Mill |
| 15:56 | Construir | Farm |
| 15:56 | Construir | Farm |
| 15:56 | Construir | Farm |
| 16:09 | Encolar | Villager (Male) |
| 16:28 | Construir | House |
| 16:31 | Construir | Palisade Wall |
| 16:33 | Construir | Palisade Wall |
| 16:37 | Construir | House |
| 16:41 | Encolar | Villager (Male) |
| 16:51 | Construir | Farm |
| 16:51 | Construir | Farm |
| 16:52 | Construir | Farm |
| 17:06 | Construir | House |
| 17:07 | Construir | House |
| 17:27 | Encolar | Fishing Ship |
| 18:07 | Encolar | Villager (Male) |
| 18:11 | Construir | Farm |
| 18:14 | Encolar | Fishing Ship |
| 18:27 | Construir | Lumber Camp |
| 18:46 | Construir | Dock |
| 18:51 | Construir | Farm |
| 18:52 | Investigar | Feudal Age |
| 19:03 | Construir | Farm |
| 20:01 | Construir | Mining Camp |
| 20:33 | Encolar | Fishing Ship |
| 20:33 | Encolar | Fishing Ship |
| 20:56 | Edad | Edad Feudal |
| 21:07 | Construir | Blacksmith |
| 21:21 | Construir | Market |
| 21:38 | Construir | Outpost |
| 21:47 | Construir | Outpost |
| 21:52 | Encolar | Villager (Male) |
| 21:53 | Encolar | Villager (Male) |
| 22:42 | Construir | Farm |
| 22:56 | Investigar | Castle Age |
| 23:34 | Construir | Stone Wall |
| 23:41 | Construir | Barracks |
| 23:45 | Encolar | Villager (Male) |
| 23:52 | Construir | Barracks |
| 23:58 | Construir | Outpost |
| 24:06 | Encolar | Villager (Male) |
| 24:26 | Investigar | Double-Bit Axe |
| 24:29 | Investigar | Horse Collar |
| 24:37 | Construir | House |
| 24:38 | Construir | House |
| 24:58 | Construir | Farm |
| 25:02 | Construir | Farm |
| 25:19 | Encolar | Villager (Male) |
| 25:22 | Edad | Edad de los Castillos |
| 25:46 | Construir | Town Center |
| 25:59 | Investigar | Pikeman (upgrade) |
| 26:01 | Encolar | Spearman ×2 |
| 26:29 | Construir | Outpost |
| 26:37 | Encolar | Demolition Raft |
| 26:42 | Encolar | Fishing Ship |
| 26:49 | Encolar | Spearman ×3 |
| 27:02 | Encolar | Monk |
| 27:08 | Encolar | Villager (Male) ×2 |
| 27:36 | Encolar | Spearman ×2 |
| 28:06 | Encolar | Villager (Male) ×2 |
| 28:26 | Encolar | Villager (Male) |
| 29:00 | Encolar | Villager (Male) ×3 |
| 29:33 | Construir | Watch Tower |
| 29:45 | Investigar | Fletching |
| 30:24 | Encolar | Villager (Male) ×4 |
| 31:08 | Encolar | Villager (Male) |
| 31:10 | Construir | Farm |
| 31:11 | Construir | Farm |
| 31:11 | Construir | Farm |
| 31:11 | Construir | Farm |
| 31:39 | Encolar | Villager (Male) |
| 31:40 | Encolar | Villager (Male) |
| 31:42 | Construir | Farm |
| 31:43 | Construir | Farm |
| 31:43 | Construir | Farm |
| 31:43 | Construir | Farm |
| 31:43 | Construir | Farm |
| 31:56 | Construir | Town Center |
| 31:59 | Encolar | Villager (Male) |
| 32:19 | Encolar | Villager (Male) |
| 32:23 | Construir | Outpost |
| 32:42 | Construir | Lumber Camp |
| 32:48 | Investigar | Town Watch |
| 33:16 | Encolar | Villager (Male) |
| 33:29 | Construir | Farm |
| 33:33 | Encolar | Villager (Male) |
| 33:56 | Construir | Town Center |
| 33:56 | Encolar | Villager (Male) |
| 34:03 | Encolar | Villager (Male) |
| 34:16 | Encolar | Villager (Male) |
| 34:27 | Construir | Barracks |
| 34:32 | Construir | Farm |
| 34:34 | Encolar | Villager (Male) |
| 34:49 | Encolar | Villager (Male) ×2 |
| 35:08 | Construir | Stone Wall |
| 35:12 | Encolar | Villager (Male) ×2 |
| 35:15 | Construir | Stone Wall |
| 35:19 | Encolar | Villager (Male) |
| 35:23 | Construir | Mill |
| 35:31 | Construir | Farm |
| 35:31 | Construir | Farm |
| 35:31 | Construir | Farm |
| 35:31 | Construir | Farm |
| 35:33 | Encolar | Villager (Male) |
| 35:38 | Construir | Farm |
| 35:47 | Construir | Farm |
| 35:55 | Encolar | Villager (Male) |
| 36:10 | Encolar | Villager (Male) ×2 |
| 36:20 | Construir | Farm |
Build order — 精锐科比不会种田
Primeras 150 de 537 acciones detectadas
| 1:18 | Construir | House |
| 1:20 | Construir | House |
| 1:30 | Construir | Town Center |
| 2:26 | Encolar | Villager (Male) |
| 2:26 | Encolar | Villager (Male) |
| 2:30 | Construir | House |
| 2:38 | Construir | Dock |
| 2:45 | Encolar | Villager (Male) |
| 3:01 | Construir | House |
| 3:20 | Encolar | Villager (Male) |
| 3:20 | Encolar | Villager (Male) |
| 3:20 | Encolar | Villager (Male) |
| 3:23 | Encolar | Fishing Ship |
| 3:23 | Encolar | Fishing Ship |
| 3:23 | Encolar | Fishing Ship |
| 3:23 | Encolar | Fishing Ship |
| 3:24 | Encolar | Fishing Ship |
| 3:32 | Construir | House |
| 4:16 | Encolar | Fishing Ship |
| 4:28 | Construir | Dock |
| 4:34 | Encolar | Villager (Male) |
| 4:41 | Construir | House |
| 5:13 | Encolar | Villager (Male) |
| 5:14 | Encolar | Villager (Male) |
| 5:28 | Construir | House |
| 5:40 | Encolar | Fishing Ship |
| 5:40 | Encolar | Fishing Ship |
| 5:40 | Encolar | Fishing Ship |
| 5:40 | Encolar | Fishing Ship |
| 5:41 | Encolar | Fishing Ship |
| 5:42 | Encolar | Villager (Male) |
| 5:42 | Encolar | Villager (Male) |
| 5:43 | Encolar | Villager (Male) |
| 6:04 | Construir | House |
| 6:06 | Encolar | Villager (Male) |
| 6:06 | Encolar | Villager (Male) |
| 6:19 | Construir | House |
| 6:30 | Construir | Dock |
| 6:35 | Encolar | Fishing Ship |
| 6:35 | Encolar | Fishing Ship |
| 6:48 | Construir | Mule Cart |
| 7:02 | Encolar | Villager (Male) |
| 7:05 | Encolar | Villager (Male) |
| 7:08 | Construir | House |
| 7:16 | Encolar | Fishing Ship |
| 7:16 | Encolar | Fishing Ship |
| 7:17 | Encolar | Fishing Ship |
| 7:36 | Encolar | Fishing Ship |
| 7:36 | Encolar | Fishing Ship |
| 7:36 | Encolar | Fishing Ship |
| 7:40 | Construir | House |
| 7:47 | Encolar | Fishing Ship |
| 7:47 | Encolar | Fishing Ship |
| 7:47 | Encolar | Fishing Ship |
| 7:48 | Encolar | Villager (Male) |
| 7:48 | Encolar | Villager (Male) |
| 8:15 | Construir | House |
| 8:17 | Encolar | Villager (Male) |
| 8:19 | Construir | Mule Cart |
| 8:24 | Encolar | Fishing Ship ×2 |
| 8:24 | Encolar | Fishing Ship ×2 |
| 8:24 | Encolar | Fishing Ship ×2 |
| 8:51 | Construir | House |
| 8:54 | Encolar | Fishing Ship ×2 |
| 8:54 | Encolar | Fishing Ship ×2 |
| 8:54 | Encolar | Fishing Ship ×2 |
| 8:54 | Encolar | Fishing Ship |
| 9:02 | Encolar | Fishing Ship |
| 9:02 | Encolar | Fishing Ship |
| 9:02 | Encolar | Fishing Ship |
| 9:10 | Encolar | Villager (Male) |
| 9:26 | Construir | House |
| 9:39 | Encolar | Villager (Male) |
| 9:55 | Investigar | Feudal Age |
| 9:55 | Investigar | Feudal Age |
| 9:56 | Investigar | Feudal Age |
| 9:56 | Investigar | Feudal Age |
| 9:56 | Investigar | Feudal Age |
| 9:56 | Investigar | Feudal Age |
| 9:57 | Investigar | Feudal Age |
| 9:57 | Investigar | Feudal Age |
| 9:57 | Investigar | Feudal Age |
| 9:57 | Investigar | Feudal Age |
| 9:58 | Investigar | Feudal Age |
| 9:58 | Investigar | Feudal Age |
| 9:58 | Investigar | Feudal Age |
| 9:59 | Investigar | Feudal Age |
| 9:59 | Investigar | Feudal Age |
| 10:03 | Encolar | Fishing Ship ×5 |
| 10:03 | Encolar | Fishing Ship ×5 |
| 10:03 | Encolar | Fishing Ship ×5 |
| 10:42 | Encolar | Fishing Ship ×5 |
| 11:44 | Encolar | Fishing Ship |
| 12:14 | Edad | Edad Feudal |
| 12:18 | Encolar | Villager (Male) |
| 12:24 | Construir | Barracks |
| 12:36 | Construir | Blacksmith |
| 12:42 | Encolar | Villager (Male) |
| 12:45 | Investigar | Double-Bit Axe |
| 12:46 | Investigar | Double-Bit Axe |
| 12:48 | Investigar | Tech 906 |
| 12:48 | Investigar | Tech 906 |
| 12:48 | Investigar | Tech 906 |
| 13:07 | Construir | Stable |
| 13:10 | Investigar | Wheelbarrow |
| 13:10 | Investigar | Wheelbarrow |
| 13:10 | Investigar | Wheelbarrow |
| 13:16 | Investigar | Loom |
| 13:16 | Investigar | Loom |
| 13:16 | Investigar | Loom |
| 13:33 | Encolar | Fishing Ship |
| 13:33 | Encolar | Fishing Ship |
| 13:33 | Encolar | Fishing Ship |
| 13:34 | Encolar | Fishing Ship |
| 13:50 | Investigar | Castle Age |
| 13:50 | Investigar | Castle Age |
| 13:51 | Investigar | Castle Age |
| 14:04 | Construir | Dock |
| 14:16 | Investigar | Gold Mining |
| 14:16 | Investigar | Gold Mining |
| 14:28 | Encolar | Scout Cavalry |
| 14:28 | Encolar | Scout Cavalry |
| 14:28 | Encolar | Scout Cavalry |
| 14:31 | Investigar | Scale Barding Armor |
| 14:31 | Investigar | Scale Barding Armor |
| 15:03 | Construir | Dock |
| 15:07 | Construir | Dock |
| 15:11 | Construir | Mule Cart |
| 15:29 | Encolar | Villager (Male) |
| 15:32 | Encolar | Scout Cavalry |
| 15:32 | Encolar | Scout Cavalry |
| 15:36 | Construir | House |
| 15:46 | Construir | Dock |
| 16:04 | Encolar | Fire Galley ×5 |
| 16:04 | Encolar | Fire Galley ×5 |
| 16:05 | Encolar | Fire Galley ×5 |
| 16:05 | Encolar | Fire Galley ×5 |
| 16:09 | Construir | House |
| 16:20 | Investigar | Forging |
| 16:30 | Edad | Edad de los Castillos |
| 16:43 | Encolar | Fire Galley ×3 |
| 16:43 | Encolar | Fire Galley ×3 |
| 16:59 | Investigar | Wheelbarrow |
| 17:06 | Investigar | War Galley (upgrade) |
| 17:06 | Investigar | War Galley (upgrade) |
| 17:07 | Investigar | War Galley (upgrade) |
| 17:08 | Investigar | Tech 905 |
| 17:33 | Encolar | Fire Galley ×3 |
| 17:33 | Encolar | Fire Galley ×3 |
| 17:46 | Encolar | Villager (Male) |
Cronología de la partida
| 0:08 | 二等饼干 · first_building Dock |
| 0:11 | wololoo- · first_building Dock |
| 0:13 | Togawa Sakikoi · first_building Dock |
| 0:25 | 綾地宁宁 · first_building Dock |
| 1:08 | 随机必投 · first_building Dock |
| 2:38 | 精锐科比不会种田 · first_building Dock |
| 3:47 | ohawan12312 · first_building Dock |
| 7:33 | 100tree · wall_segment Palisade Wall x1 |
| 7:34 | 100tree · wall_segment Palisade Wall x1 |
| 7:35 | 100tree · wall_segment Palisade Wall x1 |
| 8:26 | 100tree · wall_segment Palisade Wall x1 |
| 8:28 | 100tree · wall_segment Palisade Wall x1 |
| 8:30 | 100tree · wall_segment Palisade Wall x1 |
| 9:46 | 100tree · wall_segment Palisade Wall x1 |
| 9:54 | 100tree · wall_segment Palisade Wall x1 |
| 9:58 | 100tree · wall_segment Palisade Wall x1 |
| 10:10 | 100tree · wall_segment Palisade Wall x1 |
| 10:11 | 100tree · wall_segment Palisade Wall x1 |
| 11:11 | 100tree · wall_segment Palisade Wall x1 |
| 11:23 | 綾地宁宁 · wall_segment Palisade Wall x1 |
| 11:24 | 綾地宁宁 · wall_segment Palisade Wall x1 |
| 11:43 | Togawa Sakikoi · age_up feudal |
| 11:51 | 100tree · first_building Dock |
| 12:12 | 綾地宁宁 · age_up feudal |
| 12:14 | 二等饼干 · age_up feudal |
| 12:14 | 精锐科比不会种田 · age_up feudal |
| 12:16 | wololoo- · wall_segment Palisade Wall x1 |
| 12:24 | wololoo- · wall_segment Palisade Wall x1 |
| 12:24 | 精锐科比不会种田 · first_building Barracks |
| 12:45 | 100tree · wall_segment Palisade Wall x1 |
| 13:02 | wololoo- · age_up feudal |
| 13:07 | 精锐科比不会种田 · first_building Stable |
| 13:15 | ohawan12312 · age_up feudal |
| 13:31 | 随机必投 · age_up feudal |
| 14:39 | wololoo- · wall_segment Palisade Wall x1 |
| 14:50 | wololoo- · wall_segment Palisade Wall x1 |
| 14:53 | wololoo- · wall_segment Palisade Wall x1 |
| 15:25 | 随机必投 · first_market_sell 100 food |
| 15:27 | 随机必投 · first_market_buy 100 wood |
| 16:12 | Togawa Sakikoi · first_market_buy 100 food |
| 16:16 | Togawa Sakikoi · first_market_sell 100 stone |
| 16:30 | 精锐科比不会种田 · age_up castle |
| 16:31 | 100tree · wall_segment Palisade Wall x1 |
| 16:33 | wololoo- · age_up castle |
| 16:33 | 100tree · wall_segment Palisade Wall x1 |
| 17:01 | 随机必投 · age_up castle |
| 17:09 | wololoo- · first_building Monastery |
| 17:10 | ohawan12312 · age_up castle |
| 17:22 | ohawan12312 · first_building Monastery |
| 17:26 | 綾地宁宁 · age_up castle |
| 17:44 | 綾地宁宁 · first_market_sell 100 wood |
| 18:57 | Togawa Sakikoi · age_up castle |
| 20:16 | 二等饼干 · age_up castle |
| 20:54 | 二等饼干 · first_building Castle |
| 20:56 | 100tree · age_up feudal |
| 23:34 | 100tree · wall_segment Stone Wall x12 |
| 23:41 | 100tree · first_building Barracks |
| 23:43 | ohawan12312 · first_building Castle |
| 24:20 | 随机必投 · wall_segment Stone Wall x1 |
| 24:20 | 随机必投 · wall_segment Stone Wall x1 |
| 24:41 | ohawan12312 · first_building Barracks |
| 25:22 | 100tree · age_up castle |
| 25:43 | 100tree · first_market_buy 100 stone |
| 26:44 | 精锐科比不会种田 · age_up imperial |
| 28:15 | wololoo- · first_building Castle |
| 28:51 | wololoo- · age_up imperial |
| 29:39 | 随机必投 · first_building Castle |
| 30:41 | 二等饼干 · first_building Barracks |
| 31:25 | 二等饼干 · first_building Stable |
| 31:56 | ohawan12312 · age_up imperial |
| 32:20 | 随机必投 · age_up imperial |
| 32:53 | 随机必投 · first_building Barracks |
| 33:21 | 綾地宁宁 · first_building Barracks |
| 33:27 | 綾地宁宁 · wall_segment Stone Wall x1 |
| 33:55 | 綾地宁宁 · first_building Archery Range |
| 34:02 | 二等饼干 · age_up imperial |
| 34:07 | wololoo- · wall_segment Stone Wall x83 |
| 34:20 | wololoo- · wall_segment Stone Wall x30 |
| 34:23 | wololoo- · wall_segment Stone Wall x58 |
| 34:24 | 綾地宁宁 · wall_segment Stone Wall x2 |
| 35:08 | 100tree · wall_segment Stone Wall x9 |
| 35:15 | 100tree · wall_segment Stone Wall x9 |
| 35:45 | wololoo- · tribute_sent a jugador 1 |
| 35:45 | wololoo- · tribute_sent a jugador 2 |
| 35:45 | wololoo- · tribute_sent a jugador 3 |
| 35:45 | wololoo- · tribute_sent a jugador 5 |
| 35:45 | wololoo- · tribute_sent a jugador 6 |
| 35:45 | wololoo- · tribute_sent a jugador 7 |
| 35:45 | wololoo- · tribute_sent a jugador 8 |
| 35:57 | 二等饼干 · first_market_sell 100 wood |
| 36:39 | 綾地宁宁 · first_market_buy 100 stone |
| 36:53 | 綾地宁宁 · age_up imperial |
| 37:29 | wololoo- · wall_segment Stone Wall x10 |
| 37:39 | 100tree · wall_segment Stone Wall x10 |
| 41:16 | wololoo- · wall_segment Stone Wall x17 |
| 42:17 | wololoo- · tribute_sent a jugador 1 |
| 42:17 | wololoo- · tribute_sent a jugador 2 |
| 42:17 | wololoo- · tribute_sent a jugador 3 |
| 42:17 | wololoo- · tribute_sent a jugador 5 |
| 42:17 | wololoo- · tribute_sent a jugador 6 |
| 42:17 | wololoo- · tribute_sent a jugador 7 |
| 42:17 | wololoo- · tribute_sent a jugador 8 |
| 42:18 | 100tree · wall_segment Stone Wall x12 |
| 42:18 | 綾地宁宁 · first_building Castle |
| 42:35 | 100tree · wall_segment Stone Wall x6 |
| 42:39 | 100tree · wall_segment Stone Wall x12 |
| 42:48 | 100tree · wall_segment Stone Wall x17 |
| 43:00 | Togawa Sakikoi · age_up imperial |
| 43:15 | wololoo- · tribute_sent a jugador 1 |
| 43:15 | wololoo- · tribute_sent a jugador 2 |
| 43:15 | wololoo- · tribute_sent a jugador 3 |
| 43:15 | wololoo- · tribute_sent a jugador 5 |
| 43:15 | wololoo- · tribute_sent a jugador 6 |
| 43:15 | wololoo- · tribute_sent a jugador 7 |
| 43:15 | wololoo- · tribute_sent a jugador 8 |
| 43:49 | 100tree · first_market_sell 100 stone |
| 44:03 | 100tree · first_building Monastery |
| 44:13 | ohawan12312 · first_building Siege Workshop |
| 44:25 | 随机必投 · first_building Stable |
| 45:05 | wololoo- · wall_segment Stone Wall x1 |
| 45:35 | wololoo- · first_building Barracks |
| 46:06 | wololoo- · wall_segment Stone Wall x5 |
| 46:13 | 100tree · first_building Stable |
| 47:09 | wololoo- · wall_segment Stone Wall x17 |
| 47:15 | wololoo- · wall_segment Stone Wall x4 |
| 49:12 | 随机必投 · first_building Siege Workshop |
| 49:56 | 100tree · age_up imperial |
| 50:19 | 100tree · first_building Siege Workshop |
| 50:35 | wololoo- · tribute_sent a jugador 1 |
| 50:35 | wololoo- · tribute_sent a jugador 2 |
| 50:35 | wololoo- · tribute_sent a jugador 3 |
| 50:35 | wololoo- · tribute_sent a jugador 5 |
| 50:36 | wololoo- · tribute_sent a jugador 6 |
| 50:36 | wololoo- · tribute_sent a jugador 7 |
| 50:36 | wololoo- · tribute_sent a jugador 8 |
| 51:41 | wololoo- · wall_segment Stone Wall x6 |
| 55:16 | wololoo- · first_building Siege Workshop |
| 55:36 | wololoo- · wall_segment Stone Wall x1 |
| 56:25 | 二等饼干 · first_market_buy 100 stone |
| 57:05 | wololoo- · wall_segment Stone Wall x4 |
| 57:42 | Togawa Sakikoi · first_building Castle |
| 57:44 | 精锐科比不会种田 · first_market_buy 500 stone |
| 57:49 | wololoo- · tribute_sent a jugador 1 |
| 57:49 | wololoo- · tribute_sent a jugador 2 |
| 57:49 | wololoo- · tribute_sent a jugador 3 |
| 57:49 | wololoo- · tribute_sent a jugador 5 |
| 57:49 | wololoo- · tribute_sent a jugador 6 |
| 57:49 | wololoo- · tribute_sent a jugador 7 |
| 57:49 | wololoo- · tribute_sent a jugador 8 |
| 58:20 | wololoo- · wall_segment Stone Wall x1 |
| 58:21 | 精锐科比不会种田 · first_building Castle |
| 58:23 | wololoo- · wall_segment Stone Wall x1 |
| 58:46 | wololoo- · wall_segment Stone Wall x2 |
| 59:25 | wololoo- · tribute_sent a jugador 1 |
| 59:25 | wololoo- · tribute_sent a jugador 2 |
| 59:25 | wololoo- · tribute_sent a jugador 3 |
| 59:25 | wololoo- · tribute_sent a jugador 5 |
| 59:25 | wololoo- · tribute_sent a jugador 6 |
| 59:25 | wololoo- · tribute_sent a jugador 7 |
| 59:25 | wololoo- · tribute_sent a jugador 8 |
| 60:16 | Togawa Sakikoi · tribute_sent a jugador 1 |
| 60:16 | Togawa Sakikoi · tribute_sent a jugador 2 |
| 60:16 | Togawa Sakikoi · tribute_sent a jugador 3 |
| 60:16 | Togawa Sakikoi · tribute_sent a jugador 4 |
| 60:16 | Togawa Sakikoi · tribute_sent a jugador 5 |
| 60:16 | Togawa Sakikoi · tribute_sent a jugador 7 |
| 60:16 | Togawa Sakikoi · tribute_sent a jugador 8 |
| 61:20 | 精锐科比不会种田 · tribute_sent a jugador 1 |
| 61:20 | 精锐科比不会种田 · tribute_sent a jugador 2 |
| 61:20 | 精锐科比不会种田 · tribute_sent a jugador 3 |
| 61:20 | 精锐科比不会种田 · tribute_sent a jugador 4 |
| 61:20 | 精锐科比不会种田 · tribute_sent a jugador 5 |
| 61:20 | 精锐科比不会种田 · tribute_sent a jugador 6 |
| 61:20 | 精锐科比不会种田 · tribute_sent a jugador 7 |
| 61:32 | ohawan12312 · first_building Archery Range |
| 63:44 | 精锐科比不会种田 · tribute_sent a jugador 1 |
| 63:44 | 精锐科比不会种田 · tribute_sent a jugador 2 |
| 63:44 | 精锐科比不会种田 · tribute_sent a jugador 3 |
| 63:44 | 精锐科比不会种田 · tribute_sent a jugador 4 |
| 63:44 | 精锐科比不会种田 · tribute_sent a jugador 5 |
| 63:44 | 精锐科比不会种田 · tribute_sent a jugador 6 |
| 63:44 | 精锐科比不会种田 · tribute_sent a jugador 7 |
| 66:32 | 随机必投 · tribute_sent a jugador 2 |
| 66:32 | 随机必投 · tribute_sent a jugador 3 |
| 66:32 | 随机必投 · tribute_sent a jugador 4 |
| 66:32 | 随机必投 · tribute_sent a jugador 5 |
| 66:32 | 随机必投 · tribute_sent a jugador 6 |
| 66:32 | 随机必投 · tribute_sent a jugador 7 |
| 66:32 | 随机必投 · tribute_sent a jugador 8 |
| 67:37 | 綾地宁宁 · resign |
| 67:41 | 精锐科比不会种田 · tribute_sent a jugador 1 |
| 67:41 | 精锐科比不会种田 · tribute_sent a jugador 2 |
| 67:41 | 精锐科比不会种田 · tribute_sent a jugador 3 |
| 67:41 | 精锐科比不会种田 · tribute_sent a jugador 4 |
| 67:41 | 精锐科比不会种田 · tribute_sent a jugador 5 |
| 67:41 | 精锐科比不会种田 · tribute_sent a jugador 6 |
| 67:41 | 精锐科比不会种田 · tribute_sent a jugador 7 |
[ ANÁLISIS IA · 1 CRÉDITO ]
¿Qué pasó realmente en esta partida?
Wolo.gg analiza cada decisión: build order, eco, micro, errores típicos por bracket. Análisis personalizado por WhatsApp o Discord en 30 segundos.
Guía civ
Españoles
Perfil
Jugador #21813191